 Dungeon Crawl Stone Soup version 0.17-a0-2127-g1cb09f6 (webtiles) character file.

117 Maka the Cudgeler (level 5, -3/54 HPs)
             Began as an Ogre Berserker on Oct 22, 2015.
             Was a Believer of Trog.
             Slain by an orc
             ... wielding a +0 short sword
              (5 damage)
             ... on level 3 of the Dungeon.
             The game lasted 00:02:57 (1969 turns).

Maka the Cudgeler (Ogre Berserker)                  Turns: 1969, Time: 00:02:58

Health: -3/54      AC:  3    Str: 22    XL:     5   Next: 1%
Magic:  5/5        EV: 10    Int:  6    God:    Trog [**....]
Gold:   110        SH:  0    Dex: 10    Spells: 0 memorised, 4 levels left

rFire  + . .     SeeInvis .     a - +0 mace
rCold  . . .     Clarity  .     b - +0 animal skin
rNeg   . . .     SustAt   .     (no shield)
rPois  .         Gourm    .     (helmet restricted)
rElec  .         Spirit   .     (no cloak)
rCorr  .         Warding  .     (gloves unavailable)
rMut   .         Stasis   .     (boots unavailable)
MR     ++...                    (no amulet)
Stlth  +.........               (no ring)
                                i - ring of protection from fire

@: exhausted, regenerating, very resistant to hostile enchantments, very
unstealthy
A: unfitting armour, tough skin 1
a: Berserk, Trog's Hand, Burn Spellbooks, Renounce Religion


You were on level 3 of the Dungeon.
You worshipped Trog.
Trog was pleased with you.
You were hungry.

You visited 1 branch of the dungeon, and saw 3 of its levels.

You collected 110 gold pieces.

Inventory:

Hand Weapons
 a - a +0 mace (weapon)
Armour
 b - a +0 animal skin (worn)
Jewellery
 i - a ring of protection from fire (left hand)
Scrolls
 g - 2 scrolls of recharging {unknown}
 h - 2 scrolls of magic mapping {unknown}
 k - a scroll of enchant weapon {unknown}
 l - a scroll of fog {unknown}
 m - 2 scrolls of identify {unknown}
 p - a scroll of fear {unknown}
 r - a scroll of random uselessness {unknown}
 v - a scroll of noise {unknown}
Potions
 e - a potion of curing {unknown}
 f - a potion of degeneration {unknown}
 j - a potion of cancellation {unknown}
 o - a potion of agility {unknown}
 s - a potion of brilliance {unknown}
 u - a potion of poison {unknown}
Books
 q - a book of Dreams

   Spells                             Type                      Level
   a - Ensorcelled Hibernation        Hexes/Ice                    2
   b - Phase Shift                    Translocation                5
   c - Shadow Creatures               Summoning                    5
   d - Silence                        Hexes/Air                    5
   e - Darkness                       Hexes                        6
   f - Mass Confusion                 Hexes                        6
   Trog disapproves of the use of such an item.
Comestibles
 c - 2 bread rations
 d - 3 meat rations
 n - a beef jerky
 t - 4 fruits


   Skills:
 - Level 4.0 Fighting
 + Level 7.3 Maces & Flails
 - Level 2.6 Dodging


You had 4 spell levels left.
You didn't know any spells.

Dungeon Overview and Level Annotations

Branches:
Dungeon (3/15)

Altars:
Ashenzari
Elyvilon
Gozag
The Shining One


Innate Abilities, Weirdness & Mutations

You are too large for most types of armour.
You have tough skin (AC +1).


Message History

The orc is severely wounded.
The orc barely misses you. x2
The orc hits you with a short sword.
* * * LOW HITPOINT WARNING * * *
You closely miss the orc.
The orc is severely wounded.
The orc hits you with a flail.
* * * LOW HITPOINT WARNING * * *
The orc completely misses you. x2
You hit the orc.
The orc is almost dead.
The orc closely misses you. The orc hits you with a flail.
* * * LOW HITPOINT WARNING * * *
You hit the orc but do no damage.
The orc is almost dead.
You feel yourself speed up. The orc barely misses you.
The orc hits you with a flail.
* * * LOW HITPOINT WARNING * * *
The orc hits you with a short sword.
You die...

........# ##.##
#..# ##...## #..#
##.###.## #..###
#.## ##.# ###
#....# #.# #.#
#_## #..#o# #.##
##.# [..##
#########.#.#
##.###.## .#.⌠#
..........#o#
##...## ...##
#########@#.#
##.## #.###
##.oo.## #.#
#∩#⌠###
##.#....#######.#
⌠...∩.###
#.........))....#
#∩#⌠#...#
#..#....#########
#.#####.#
#.#....## ...##
#.#####.##.#.#
.#.⌠#
#.....#.##.#.#
...##
##...........#


You could see 2 orcs.

Vanquished Creatures
  Ijyb (D:2)
  3 gnolls (D:3)
  3 oozes
  A worm (D:3)
  A giant gecko (D:1)
  An orc (D:3)
  2 giant cockroaches (D:1)
  4 goblins
  4 hobgoblins
  4 jackals (D:1)
  6 kobolds
  A quokka (D:2)
  4 bats
  2 giant newts
  6 rats
43 creatures vanquished.

Notes
Turn   | Place    | Note
--------------------------------------------------------------
     0 | D:1      | Maka the Ogre Berserker began the quest for the Orb.
     0 | D:1      | Reached XP level 1. HP: 24/24 MP: 1/1
    42 | D:1      | Reached XP level 2. HP: 28/32 MP: 2/2
    59 | D:1      | Reached skill level 5 in Maces & Flails
   613 | D:1      | Reached XP level 3. HP: 29/39 MP: 3/3
   625 | D:1      | Reached ** piety under Trog
  1209 | D:2      | Noticed Ijyb
  1229 | D:2      | Killed Ijyb
  1229 | D:2      | Reached skill level 6 in Maces & Flails
  1229 | D:2      | Reached XP level 4. HP: 22/48 MP: 4/4
  1540 | D:2      | Found a shattered altar of Ashenzari.
  1541 | D:2      | Found a glowing golden altar of the Shining One.
  1824 | D:3      | Reached skill level 7 in Maces & Flails
  1886 | D:3      | Found an opulent altar of Gozag.
  1896 | D:3      | Found a white marble altar of Elyvilon.
  1939 | D:3      | Reached XP level 5. HP: 24/54 MP: 5/5
  1969 | D:3      | HP: 2/54 [orc/flail (6)]
  1969 | D:3      | Slain by an orc

Vault maps used:
D:1:      erik_arrival_gehennom
D:2:      nicolae_overflow_hidden_temple, uniq_iyjb
D:3:      amethyst_overflow_temple_binary, kennysheep_orc_chapel

Action                   |  1- 3 |  4- 6 || total
-------------------------+-------+-------++-------
Melee: Mace              |   111 |    49 ||   160
Invok: Berserk           |       |     2 ||     2
       Trog's Hand       |       |     1 ||     1
  Eat: Chunk             |     1 |     4 ||     5
